 Dungeon Crawl Stone Soup version 0.29-a0-392-g297d3b089c (webtiles) character file.

Game seed: 11137191482396308555

63398 puppykicker the Slinger (level 12, -11/94 (97) HPs)
             Began as a Vampire Artificer on May 9, 2022.
             Was a High Priest of Ru.
             Mangled by a dire elephant (31 damage)
             ... on level 6 of the Lair of Beasts.
             The game lasted 02:23:37 (20334 turns).

puppykicker the Slinger (Vampire Artificer)        Turns: 20334, Time: 02:23:38

HP:   -11/94 (97)   AC: 14    Str: 27    XL:     12   Next: 67%
MP:   19/19         EV: 10    Int: 22    God:    Ru [*****.]
Gold: 1576          SH: 11    Dex: 22    Spells: 0/21 levels left

rFire   + + .      SeeInvis +   n - +10 hunting sling of Foreys {speed, Drain rElec rF++ Str+9}
rCold   + . .      Faith    .   s - +0 buckler of the Cicada {Dex+4}
rNeg    . . .      Spirit   .   W - +2 acid dragon scales
rPois   +          Reflect  +   F - +0 helmet
rElec   +          Harm     .   m - scarf {+Inv}
rCorr   +          Rampage  .   Z - +1 pair of gloves
Will    +....                   K - +0 pair of boots
Stlth   +.........              M - amulet of reflection
HPRegen 0.45/turn               C - ring of Xadghait {rPois rF+ Int+4 SInv Stlth-}
MPRegen 0.16/turn               R - ring "Uhov" {Ice Str+7 Int+5}

@: healing quickly, studying Fighting, lightly drained
A: alive, fangs 3, see invisible, dopey 1, reduced EV 1, unskilled 1,
inexperienced 1, vampiric 2
a: Exsanguinate, Renounce Religion, Evoke Invisibility, Draw Out Power, Power
Leap, Apocalypse


You were on level 6 of the Lair of Beasts.
You worshipped Ru.
Ru was extremely pleased with you.
You visited 3 branches of the dungeon, and saw 19 of its levels.
You also visited: Ossuary, Bailey, Gauntlet and Ice Cave.

You collected 1752 gold pieces.
You spent 176 gold pieces at shops.

Inventory:

Hand Weapons
 a - a +6 fustibalus of freezing
 b - a +3 scimitar of flaming
 n - the +10 hunting sling of Foreys (weapon) {speed, Drain rElec rF++ Str+9}
   (You found it on level 4 of the Dungeon)

   Attacks with this weapon are significantly faster.
   Str:       It affects your strength (+9).
   rF:        It greatly protects you from fire.
   rElec:     It insulates you from electricity.
   Drain:     It drains your maximum health when unequipped.
 I - a +6 double sword of holy wrath
Missiles
 E - 2 throwing nets
Armour
 j - a +0 tower shield
 m - a scarf of invisibility (worn)
 q - a +2 cloak
 s - the +0 buckler of the Cicada (worn) {Dex+4}
   (You took it off a minotaur in a Gauntlet)

   Dex:       It affects your dexterity (+4).
 F - a +0 helmet (worn)
 K - a +0 pair of boots (worn)
 W - +2 acid dragon scales (worn)
 Z - a +1 pair of gloves (worn)
Jewellery
 C - the ring of Xadghait (left hand) {rPois rF+ Int+4 SInv Stlth-}
   (You found it on level 3 of the Dungeon)

   [ring of see invisible]

   Int:       It affects your intelligence (+4).
   rF:        It protects you from fire.
   rPois:     It protects you from poison.
   SInv:      It lets you see invisible.
   Stlth:     It makes you less stealthy.
 M - an amulet of reflection (around neck)
 R - the ring "Uhov" (right hand) {Ice Str+7 Int+5}
   (You found it on level 7 of the Dungeon)

   [ring of ice]

   It enhances your ice magic.
   Str:       It affects your strength (+7).
   Int:       It affects your intelligence (+5).
   rF:        It makes you vulnerable to fire.
   rC:        It protects you from cold.
Wands
 x - a wand of paralysis (4)
 y - a wand of iceblast (8)
 B - a wand of acid (4)
 D - a wand of digging (11)
 G - a wand of charming (3)
 L - a wand of polymorph (8)
 O - a wand of flame (4)
Scrolls
 c - 2 scrolls of silence
 e - 3 scrolls of fear
 f - a scroll of fog
 i - 2 scrolls of identify
 t - 9 scrolls of teleportation
 w - a scroll of amnesia
 P - 8 scrolls of vulnerability {!r!r}
 S - 3 scrolls of poison
Potions
 d - a potion of haste
 g - 2 potions of heal wounds
 k - 7 potions of mutation {!q}
 l - 12 potions of curing
 o - 2 potions of brilliance
 p - 2 potions of invisibility
 r - 3 potions of ambrosia
 u - 4 potions of might
 v - 5 potions of flight
 z - 2 potions of berserk rage {!q}
 A - a potion of cancellation {unknown}
 H - 7 potions of lignification {!q}
 J - 7 potions of attraction {!q}
 N - 6 potions of resistance
Miscellaneous
 h - a phantom mirror
 V - a tin of tremorstones (2/2)
 X - a condenser vane (inert)


   Skills:
 + Level 9.6 Fighting
 + Level 6.3 Long Blades
 * Level 12.4 Slings
 - Level 5.0 Armour
 - Level 5.3 Dodging
 - Level 1.3 Stealth
 - Level 5.0 Shields
 - Level 5.0 Spellcasting
 - Level 2.0 Conjurations
 - Level 6.0 Hexes
 - Level 6.0 Necromancy
 - Level 3.0 Air Magic
 - Level 3.0 Earth Magic
 - Level 2.0 Poison Magic
 - Level 7.0 Evocations


You couldn't memorise any spells.
You knew the following spells:

 Your Spells              Type           Power      Damage    Failure   Level
a - Anguish               Hex/Necr       15%        N/A       13%         4
d - Tukima's Dance        Hex            31%        N/A       4%          3
f - Portal Projectile     Hex/Tloc       36%        N/A       14%         3
m - Swiftness             Air            18%        N/A       14%         3
x - Mephitic Cloud        Conj/Pois/Air  15%        N/A       19%         3
z - Animate Skeleton      Necr           62%        N/A       1%          1
Z - Animate Dead          Necr           15%        N/A       13%         4

Your spell library contained the following spells:

 Spells                   Type           Power      Damage    Failure   Level
 Pain                     Necr           100%       1d9       1%          1
 Sublimation of Blood     Necr           31%        N/A       1%          2
 Corpse Rot               Necr/Air       50%        N/A       3%          2
 Vampiric Draining        Necr           31%        2d8       4%          3
 Shock                    Conj/Air       64%        1d7       5%          1
 Magic Dart               Conj           56%        1d5       7%          1
 Poisonous Vapours        Pois/Air       32%        N/A       9%          2
 Dazzling Flash           Conj/Hex       46%        N/A       9%          3
 Searing Ray              Conj           28%        2d5       11%         2
 Fulminant Prism          Conj/Hex       11%        3d9       30%         4
 Ignite Poison            Fire/Tmut/Pois 8%         N/A       36%         3
 Excruciating Wounds      Necr           15%        N/A       36%         5
 Airstrike                Air            9%         N/A       41%         4
 Frozen Ramparts          Ice            16%        1d3       43%         3
 Gell's Gravitas          Tloc           5%         N/A       43%         3
 Lesser Beckoning         Tloc           5%         N/A       43%         3
 Teleport Other           Tloc           5%         N/A       43%         3
 Borgnjor's Vile Clutch   Necr/Erth      12%        N/A       56%         5
 Animate Armour           Summ/Erth      24%        N/A       63%         4
 Petrify                  Tmut/Erth      12%        N/A       63%         4
 Iskenderun's Mystic Bla  Conj/Tloc      9%         2d4       71%         4
 Metabolic Englaciation   Hex/Ice        14%        N/A       77%         5
 Ice Form                 Ice/Tmut       8%         N/A       83%         4
 Summon Ice Beast         Ice/Summ       8%         N/A       83%         4
 Lightning Bolt           Conj/Air       8%         1d20      83%         5
 Freezing Cloud           Conj/Ice/Air   9%         6-21      92%         5
 Alistair's Intoxication  Tmut/Pois      6%         N/A       96%         5
 Irradiate                Conj/Tmut      4%         3d14      96%         5
 Blade Hands              Tmut           2%         N/A       99%         5
 Eringya's Noxious Bog    Tmut/Pois      4%         N/A       100%        6
 Iron Shot                Conj/Erth      8%         9d3       100%        6
 Starburst                Conj/Fire      4%         6d4       100%        6
 Statue Form              Tmut/Erth      8%         N/A       100%        6
 Dragon Form              Tmut           2%         N/A       100%        7
 Enfeeble                 Hex            15%        N/A       100%        7
 Haunt                    Necr/Summ      9%         N/A       100%        7
 Malign Gateway           Summ/Tloc      2%         N/A       100%        7
 Storm Form               Tmut/Air       6%         N/A       100%        7
 Infestation              Necr           15%        N/A       100%        8


Dungeon Overview and Level Annotations

Branches:
Dungeon (12/15)            Temple (1/1) D:6            Lair (6/6) D:9
 Shoals (0/4) Lair:3       Spider (0/4) Lair:3        Slime (0/5) Lair:5
    Orc (0/2) D:11        Ossuary (visited)          Bailey (visited)
  IceCv (visited)         Gauntlet (visited)

Altars:
Ashenzari
Cheibriados
Dithmenos
Elyvilon
Fedhas
Gozag
Hepliaklqana
Kikubaaqudgha
Makhleb
Nemelex Xobeh
Okawaru
Qazlal
Ru
Sif Muna
Trog
Uskayaw
Vehumet
Wu Jian
Xom
Yredelemnul
Zin
The Shining One

Shops:
D:10 *

Annotations:
D:12 Rupert
Lair:6 exclusion: obsidian statue


Innate Abilities, Weirdness & Mutations

Your natural rate of healing is accelerated.
You have razor-sharp teeth.
You have supernaturally acute eyesight. (SInv)
You are dopey. (Int -2)
You have somewhat slow reflexes. (EV -5)
You are somewhat unskilled. (-1 Apt)
You are somewhat inexperienced. (-2 XL)
You are afflicted with vampirism and can become a bat while bloodless.


Message History

You shoot a sling bullet.
The sling bullet hits the dire elephant.
You block the dire elephant's attack. The dire elephant trunk-slaps you.
Your magical contamination has completely faded away.
You take 3 damage, and have 49/94 hp.
You shoot a sling bullet.
The sling bullet hits the dire elephant!
Your dire elephant skeleton tramples the dire elephant but does no damage.
MP restored: 19 You swap places.
The necromancer shouts!
The dire elephant tramples you!!
* * * LOW HITPOINT WARNING * * *
You hold your ground!
The dire elephant trunk-slaps you!
* * * LOW HITPOINT WARNING * * *
You take 31 damage, and have 19/94 hp.
MASSIVE DAMAGE!!
Your dire elephant skeleton tramples the dire elephant!!
The dire elephant holds its ground!
The dire elephant tramples your dire elephant skeleton!!
Your dire elephant skeleton holds its ground!
The dire elephant trunk-slaps your dire elephant skeleton.
Fire: n) +10 hunting sling of Foreys {speed, Drain rElec rF++ Str+9}
Press: ? - help, Q - select action, (/) - cycle Shift-Dir - straight line, f/p - dire elephant
Aim: a dire elephant (heavily wounded, not watching you, covered in acid, ally target, 93% to hit)
You shoot a sling bullet.
The sling bullet hits the dire elephant!
Your dire elephant skeleton tramples the dire elephant!
The dire elephant holds its ground!
Fire: n) +10 hunting sling of Foreys {speed, Drain rElec rF++ Str+9}
Press: ? - help, Q - select action, (/) - cycle Shift-Dir - straight line, f/p - dire elephant
Aim: a dire elephant (severely wounded, covered in acid, ally target, 93% to hit)
Okay, then.
Fire: n) +10 hunting sling of Foreys {speed, Drain rElec rF++ Str+9}
Press: ? - help, Q - select action, (/) - cycle Shift-Dir - straight line, f/p - dire elephant
Aim: a dire elephant (severely wounded, covered in acid, ally target, 93% to hit)
Okay, then.
The dire elephant attacks as you move away!
The dire elephant tramples you!!
You die...

######### #..#....♣♣
###P....PPP♣♣**
#ZP@........♣,*
#.Y#..#.##....#*
*****##***####''#''###*♣♣P.P#
...8##≈≈Y##8....#..8# **8♣#
$...'≈≈≈..'....P#P..# **+##
[...'≈≈≈≈.#8.####.#.# **,*#
.YY8#≈≈≈≈,####...P#+#********
#####.≈Y≈≈#P...####,,,,,8****
8P8###.≈###.#### *,,,,,,*


You could see a dire elephant (corroded, ally target) and a friendly dire
elephant skeleton.

Levels and vault maps discovered:
D:1:      saegor_arrival_miasma, layout_loops_cross, basic_ecumenical_altar,
          minmay_hedge_maze, hangedman_decor_clover_reticule, minmay_liquid_box,
          nicolae_concentric_dashed_squares_mild, grunt_decor_fettered
D:2:      layout_basic, minmay_increasing_density, uniq_terence
D:3:      layout_loops_cross, uniq_jessica
D:4:      gammafunk_wand_slinger, layout_rooms, kiku_gazebo_garden_becter,
          mainiacjoe_overflow_catch_the_wave, kennysheep_small_spiral,
          serial_bayou_lagoon_a
D:5:      layout_rooms, kennysheep_ying_yang, trog_antimagical
D:6:      minmay_bubble_buster, layout_basic, lemuel_crystal_altar,
          chequers_temple_overflow_minitemple, temple_pool_b, serial_aquarium,
          aquarium_bridge_straight [aquarium_subvault_bridge,
          aquarium_subvault_balcony, aquarium_subvault_bridge,
          aquarium_subvault_balcony], aquarium_bridge_square
          [aquarium_subvault_window, aquarium_subvault_balcony,
          aquarium_subvault_bridge, aquarium_subvault_bridge],
          aquarium_window_fake, aquarium_window_1, aquarium_window_1,
          aquarium_view_2e
D:7:      layout_basic, xom_confusion_cloud, nicolae_ossuary_entry_ruins
D:8:      layout_basic, hangedman_abyss_or_decor_clamps, serial_park_tiny_2
D:9:      layout_loops_ring, cheibriados_altar_1, david_lair_shrubbed,
          uniq_erica
D:10:     layout_basic, serial_shops, nicolae_shop_waterfront, enter_bailey_3,
          patterned_corridor
D:11:     layout_roguey, david_orc_2, uniq_sonja, uniq_grum
D:12:     layout_basic, gauntlet_entry_generic, uniq_rupert
Temple:   jpeg_temple_alley_garden
Lair:1:   layout_roguey, grunt_megastairs_1, uniq_amaemon
Lair:2:   layout_cellular_growth, portal_ice_cave_entry_pillars_1,
          infiniplex_staircase_pool_2
Lair:3:   cheibrodos_lair_overgrown_chateau, layout_hall_layers,
          elwin_shoals_entry_rooms, spider_nest_entry_funnel_web
Lair:4:   layout_misc_corridors, basic_altar, lookout_lair_type, uniq_urug
Lair:5:   layout_cave_pods, slime_dummy
Lair:6:   due_jungle_book, layout_cave_shapes, grunt_megastairs_4,
          lemuel_fruit_tree

Notes
Turn   | Place    | Note
-------+----------+-------------------------------------------
     0 | D:1      | puppykicker the Vampire Artificer began the quest for the
                  | Orb.
     0 | D:1      | Reached XP level 1. HP: 14/14 MP: 1/1
    25 | D:1      | Reached skill level 1 in Fighting
    73 | D:1      | Identified a +0 dagger
    85 | D:1      | Reached skill level 1 in Armour
   123 | D:1      | Identified a +0 dagger
   239 | D:1      | Reached XP level 2. HP: 21/21 MP: 2/2
   240 | D:1      | Identified a +0 pair of gloves
   245 | D:1      | Identified a +0 tower shield
   360 | D:1      | Identified a +0 short sword
   364 | D:1      | Identified a +0 short sword
   428 | D:1      | Identified a +0 short sword
   502 | D:1      | Found a faded altar of an unknown god.
   585 | D:1      | Reached skill level 3 in Evocations
   606 | D:1      | Identified a +0 club
   616 | D:1      | Gained mutation: You are afflicted with vampirism and can
                  | become a bat while bloodless. [Vampire growth]
   616 | D:1      | Reached XP level 3. HP: 19/26 MP: 3/3
   621 | D:1      | Identified a +0 cloak
   683 | D:1      | Identified a +0 club
   688 | D:1      | Identified a +0 spear
   950 | D:2      | Identified the +1 leather armour of Whack-A-Mole {Regen+}
   961 | D:2      | Identified a +0 short sword
   982 | D:2      | Identified a scroll of enchant weapon
   983 | D:2      | Identified 2 scrolls of identify
   983 | D:2      | Identified a potion of heal wounds
   984 | D:2      | Identified 2 potions of mutation
  1029 | D:2      | Identified a +0 short sword
  1072 | D:2      | Identified a +0 leather armour
  1122 | D:2      | Identified a +0 flail of pain
  1122 | D:2      | Identified a +0 chain mail
  1122 | D:2      | Noticed Terence
  1171 | D:2      | Identified a +0 short sword
  1227 | D:2      | Identified a +0 short sword
  1387 | D:2      | Identified a +0 club
  1390 | D:2      | Identified a scroll of teleportation
  1415 | D:2      | Identified a +0 dagger
  1500 | D:2      | Identified a +0 war axe
  1818 | D:2      | Identified a scroll of noise
  1819 | D:2      | Identified a scroll of immolation
  1957 | D:2      | Killed Terence
  1958 | D:2      | Reached skill level 3 in Dodging
  1958 | D:2      | Reached XP level 4. HP: 15/33 MP: 4/4
  1983 | D:2      | Identified a +0 dagger
  2034 | D:2      | Identified a +0 spear
  2065 | D:3      | Identified a +0 dagger
  2065 | D:3      | Identified a +0 whip
  2065 | D:3      | Identified a +0 club
  2065 | D:3      | Identified a +0 scale mail
  2066 | D:3      | Identified a +0 club
  2073 | D:3      | Reached skill level 2 in Fighting
  2098 | D:3      | Noticed a necrophage
  2119 | D:3      | Killed a necrophage
  2120 | D:3      | Reached skill level 2 in Armour
  2120 | D:3      | Reached XP level 5. HP: 39/39 MP: 5/5
  2176 | D:3      | Learned a level 3 spell: Tukima's Dance
  2236 | D:3      | Identified 2 scrolls of enchant armour
  2241 | D:3      | Identified a +0 club
  2241 | D:3      | Identified a +0 robe
  2241 | D:3      | Noticed Jessica
  2245 | D:3      | Killed Jessica
  2464 | D:3      | Identified a +0 mace
  2627 | D:3      | Identified the ring of Xadghait {rPois rF+ Int+4 SInv
                  | Stlth-}
  2719 | D:3      | Identified a +0 leather armour
  2781 | D:4      | Identified a +0 club
  2781 | D:4      | Identified a +0 leather armour
  2820 | D:4      | Found an ancient bone altar of Kikubaaqudgha.
  2874 | D:4      | Identified a +0 dagger
  2892 | D:4      | Identified the +10 hunting sling of Foreys {speed, Drain
                  | rElec rF++ Str+9}
  2904 | D:4      | Found a transporter.
  2935 | D:4      | Identified a +0 hand axe
  2943 | D:4      | Found a transporter.
  2958 | D:4      | Identified a +0 mace
  2958 | D:4      | Identified a +0 leather armour
  2998 | D:4      | Reached XP level 6. HP: 46/46 MP: 6/6
  3100 | D:4      | Identified a +0 club
  3103 | D:4      | Found a shimmering blue altar of Sif Muna.
  3103 | D:4      | Identified a +0 giant club
  3107 | D:4      | Reached skill level 4 in Dodging
  3108 | D:4      | Identified a +0 short sword
  3147 | D:4      | Identified a +0 dagger
  3159 | D:4      | Found a broken altar of Ashenzari.
  3195 | D:4      | Identified a +0 mace
  3380 | D:4      | Identified a +0 club
  3422 | D:4      | Reached skill level 1 in Hexes
  3422 | D:4      | Reached skill level 4 in Evocations
  3423 | D:4      | Reached skill level 1 in Air Magic
  3452 | D:5      | Entered Level 5 of the Dungeon
  3458 | D:5      | Reached skill level 1 in Slings
  3458 | D:5      | Reached skill level 1 in Necromancy
  3458 | D:5      | Reached XP level 7. HP: 51/51 MP: 6/8
  3504 | D:5      | Reached skill level 3 in Fighting
  3504 | D:5      | Reached skill level 3 in Armour
  3533 | D:5      | Identified 2 potions of curing
  3534 | D:5      | Identified 2 scrolls of magic mapping
  3550 | D:5      | Identified a +0 spear
  3552 | D:5      | Identified a +0 spear
  3553 | D:5      | Identified a +0 club
  3553 | D:5      | Identified a +0 robe
  3554 | D:5      | Identified a +0 spear
  3556 | D:5      | Identified a +0 club
  3557 | D:5      | Identified a +0 halberd
  3559 | D:5      | Reached skill level 1 in Spellcasting
  3559 | D:5      | Identified a +0 whip
  3563 | D:5      | Reached skill level 1 in Earth Magic
  3600 | D:5      | Identified a +0 hand axe
  3600 | D:5      | Identified a +0 leather armour
  3600 | D:5      | Identified a ring of protection from cold
  3605 | D:5      | Identified a +0 falchion
  3605 | D:5      | Identified an orb of mayhem
  3683 | D:5      | Learned a level 3 spell: Mephitic Cloud
  3738 | D:5      | Identified a +0 leather armour
  3749 | D:5      | Identified a +0 whip
  3759 | D:5      | Identified an amulet of reflection
  3858 | D:5      | Reached skill level 2 in Hexes
  3935 | D:5      | Identified a +0 pair of boots
  3957 | D:5      | Found a bloodstained altar of Trog.
  3957 | D:5      | Identified a +0 antimagic dagger
  3957 | D:5      | Identified a +2 antimagic halberd
  3957 | D:5      | Identified a +0 mace
  4099 | D:5      | Found a basalt altar of Yredelemnul.
  4201 | D:6      | Reached skill level 1 in Shields
  4204 | D:6      | Identified a +0 short sword
  4204 | D:6      | Identified a +0 club
  4206 | D:6      | Identified a +0 dagger of speed
  4206 | D:6      | Identified a +0 robe
  4208 | D:6      | Identified a +0 club
  4226 | D:6      | Identified a +0 hand axe
  4239 | D:6      | Reached skill level 2 in Slings
  4239 | D:6      | Reached skill level 2 in Air Magic
  4239 | D:6      | Reached XP level 8. HP: 58/58 MP: 9/9
  4293 | D:6      | Identified an amulet of guardian spirit
  4542 | D:6      | Found an ornate altar of the Wu Jian Council.
  4648 | D:6      | Identified a +0 leather armour
  4725 | D:6      | Reached skill level 2 in Necromancy
  4731 | D:6      | Found a staircase to the Ecumenical Temple.
  4762 | Temple   | Entered the Ecumenical Temple
  4826 | Temple   | Became a worshipper of Ru the Awakened
  4960 | D:6      | Identified a +3 dagger
  4960 | D:6      | Identified a +0 robe
  4966 | D:6      | Reached skill level 3 in Hexes
  4966 | D:6      | Reached skill level 1 in Poison Magic
  4982 | D:6      | Reached skill level 4 in Fighting
  4988 | D:6      | Reached skill level 2 in Earth Magic
  5009 | D:6      | Reached skill level 2 in Shields
  5012 | D:6      | Reached skill level 4 in Armour
  5012 | D:6      | Reached skill level 5 in Evocations
  5029 | D:6      | Reached skill level 3 in Slings
  5029 | D:6      | Reached skill level 2 in Spellcasting
  5029 | D:6      | Reached XP level 9. HP: 65/65 MP: 10/12
  5033 | D:6      | Identified a +0 flail
  5052 | D:6      | Reached skill level 3 in Necromancy
  5057 | D:6      | Learned a level 3 spell: Portal Projectile
  5057 | D:6      | Identified a +0 dagger
  5057 | D:6      | Identified a +0 robe
  5138 | D:6      | Found a burning altar of Makhleb.
  5138 | D:6      | Found a shadowy altar of Dithmenos.
  5146 | D:6      | Found a faded altar of an unknown god.
  5148 | D:6      | Found a faded altar of an unknown god.
  5364 | D:7      | Found a sand-covered staircase.
  5373 | Ossuary  | Entered an ossuary
  5414 | Ossuary  | Reached skill level 3 in Air Magic
  5462 | Ossuary  | Reached skill level 4 in Hexes
  5483 | Ossuary  | Identified a +0 robe
  5566 | Ossuary  | Identified 3 potions of resistance
  5567 | Ossuary  | Identified a potion of brilliance
  5568 | Ossuary  | Identified 3 scrolls of vulnerability
  5579 | D:7      | Identified the ring "Uhov" {Ice Str+7 Int+5}
  5611 | D:7      | Learned a level 3 spell: Swiftness
  5621 | D:7      | Identified the +10 war axe of Siydimai {drain, rC+ Stlth+}
  5641 | D:7      | Identified a scroll of fear
  5813 | D:7      | Identified a +0 whip
  5813 | D:7      | Identified a +0 hand axe
  5813 | D:7      | Identified a +0 leather armour
  5815 | D:7      | Identified a +0 flail
  5832 | D:7      | Gained mutation: You are dopey. (Int -2) [Ru sacrifice]
  5861 | D:7      | Identified a scarf of invisibility
  5932 | D:7      | Reached skill level 2 in Poison Magic
  5935 | D:7      | Identified a +0 club
  5935 | D:7      | Identified a +2 mace of protection
  5936 | D:7      | Identified a +0 dagger
  5936 | D:7      | Identified a +0 leather armour
  5937 | D:7      | Identified a +0 hand axe
  5937 | D:7      | Identified a +0 shortbow
  6029 | D:7      | Identified a +0 hand axe
  6029 | D:7      | Identified a +0 scale mail
  6037 | D:7      | Reached skill level 3 in Earth Magic
  6037 | D:7      | Identified a +2 halberd of protection
  6037 | D:7      | Identified a +0 plate armour
  6037 | D:7      | Identified a +0 giant club
  6037 | D:7      | Identified a +0 giant club
  6037 | D:7      | Noticed a two-headed ogre
  6037 | D:7      | Identified a +0 short sword
  6037 | D:7      | Identified a +0 plate armour
  6063 | D:8      | Identified a +0 hand axe
  6063 | D:8      | Identified a +0 scale mail
  6063 | D:8      | Identified a +0 long sword
  6063 | D:8      | Identified a +0 chain mail
  6063 | D:8      | Identified a +0 hand axe
  6063 | D:8      | Identified a +0 dagger
  6063 | D:8      | Identified a +0 robe
  6063 | D:8      | Identified a +0 hand axe
  6063 | D:8      | Identified a +0 club
  6063 | D:8      | Identified a +0 leather armour
  6063 | D:8      | Identified a +0 club
  6063 | D:8      | Identified a +0 club
  6063 | D:8      | Identified a +0 club
  6063 | D:8      | Identified a +0 short sword
  6063 | D:8      | Identified a +0 dagger
  6063 | D:8      | Identified a +0 dagger
  6063 | D:8      | Identified a +0 short sword
  6063 | D:8      | Identified a +0 whip
  6118 | D:7      | Reached skill level 4 in Slings
  6138 | D:7      | Reached skill level 3 in Shields
  6159 | D:7      | Reached skill level 4 in Necromancy
  6206 | D:7      | Killed a two-headed ogre
  6207 | D:7      | Reached skill level 5 in Slings
  6207 | D:7      | Reached skill level 3 in Spellcasting
  6243 | D:7      | Found a shimmering altar of Xom.
  6315 | D:7      | Identified a +0 falchion
  6327 | D:7      | Reached skill level 6 in Slings
  6327 | D:7      | Reached XP level 10. HP: 54/71 MP: 14/14
  6460 | D:7      | Identified a +0 mace of holy wrath
  6477 | D:7      | Identified a +0 quarterstaff
  6707 | D:8      | Identified a +0 flail
  6707 | D:8      | Identified a +0 scale mail
  6707 | D:8      | Identified a +0 short sword
  6707 | D:8      | Identified a +0 trident
  6708 | D:8      | Identified a +0 dagger of holy wrath
  6708 | D:8      | Identified a +0 robe
  6754 | D:7      | Identified a +0 shortbow
  6818 | D:8      | Identified a +0 mace
  6818 | D:8      | Identified a +0 leather armour
  6847 | D:8      | Identified a +0 flail
  6847 | D:8      | Identified a +0 mace
  6847 | D:8      | Identified a +0 leather armour
  6852 | D:8      | Identified a +0 flail
  6857 | D:8      | Identified a +0 dagger
  6857 | D:8      | Identified a +0 robe
  6859 | D:8      | Identified a +2 hand axe
  6859 | D:8      | Identified a +0 robe
  6860 | D:8      | Identified a +0 flail
  6860 | D:8      | Identified a +0 robe of resistance
  6866 | D:8      | Identified a +3 mace
  6866 | D:8      | Identified a +0 robe
  7246 | D:8      | Identified a +0 shortbow
  7294 | D:8      | Identified +0 acid dragon scales
  7447 | D:8      | Identified a +0 giant club
  7447 | D:8      | Identified a +0 giant spiked club
  7447 | D:8      | Noticed a two-headed ogre
  7463 | D:8      | Killed a two-headed ogre
  7464 | D:8      | Reached skill level 7 in Slings
  7615 | D:8      | Identified a +0 trident
  7615 | D:8      | Identified a +0 scale mail
  7615 | D:8      | Identified a +0 buckler
  7622 | D:8      | Identified a +0 club
  7622 | D:8      | Identified a +0 spear
  7625 | D:8      | Identified a +0 hand axe
  7647 | D:8      | Identified a +0 club
  8064 | D:9      | Found a snail-covered altar of Cheibriados.
  8074 | D:9      | Identified a +0 dagger
  8074 | D:9      | Identified a +0 robe
  8074 | D:9      | Identified a +0 dagger
  8074 | D:9      | Identified a +0 leather armour
  8077 | D:9      | Identified a +1 dagger of venom
  8077 | D:9      | Identified a +0 robe
  8079 | D:9      | Identified a +0 dagger
  8079 | D:9      | Identified a +0 robe
  8089 | D:9      | Identified a +0 hand axe
  8137 | D:9      | Identified a +0 hand axe
  8137 | D:9      | Identified a +0 dagger
  8137 | D:9      | Identified a +0 robe
  8138 | D:9      | Identified a +0 short sword
  8138 | D:9      | Identified a +0 hunting sling
  8140 | D:9      | Reached skill level 6 in Evocations
  8144 | D:9      | Found a staircase to the Lair.
  8212 | D:9      | Identified a +0 scale mail
  8333 | D:9      | Identified a +1 vampiric whip
  8333 | D:9      | Identified a +0 hand crossbow
  8333 | D:9      | Identified a +2 whip of draining
  8333 | D:9      | Identified a +0 hand crossbow
  8334 | D:9      | Identified a +0 dagger
  8340 | D:9      | Identified a +0 short sword
  8344 | D:9      | Reached skill level 8 in Slings
  8345 | D:9      | Identified a +0 arbalest
  8345 | D:9      | Identified a +0 shortbow
  8403 | D:9      | Learned a level 4 spell: Animate Dead
  8403 | D:9      | Gained mutation: You have somewhat slow reflexes. (EV -5)
                  | [Ru sacrifice]
  8403 | D:9      | Reached * piety under Ru
  8403 | D:9      | Reached ** piety under Ru
  8439 | D:9      | Identified a +0 flail of holy wrath
  8498 | D:9      | Identified a +0 giant club
  8498 | D:9      | Identified a +0 giant spiked club
  8498 | D:9      | Noticed a two-headed ogre
  8510 | D:9      | Killed a two-headed ogre
  8511 | D:9      | Reached skill level 4 in Shields
  8595 | D:9      | Identified a +3 scimitar of flaming
  8595 | D:9      | Identified a +0 robe
  8595 | D:9      | Noticed Erica
  8609 | D:9      | Killed Erica
  8610 | D:9      | Reached skill level 9 in Slings
  8610 | D:9      | Reached XP level 11. HP: 77/77 MP: 16/16
  8781 | D:9      | Identified 2 scrolls of poison
  8782 | D:9      | Identified 2 scrolls of fog
  8783 | D:9      | Identified a scroll of brand weapon
  8784 | D:9      | Identified a scroll of summoning
  8784 | D:9      | Identified a +0 war axe
  8784 | D:9      | Identified a +0 chain mail
  8784 | D:9      | Identified a +0 mace
  8784 | D:9      | Identified a +0 club
  8784 | D:9      | Identified a +0 leather armour
  8784 | D:9      | Identified a +0 mace
  8785 | D:9      | Identified a scroll of blinking
  8786 | D:9      | Identified a scroll of acquirement
  8786 | D:9      | Acquired 689 gold pieces
  8846 | D:10     | Entered Level 10 of the Dungeon
  8888 | D:10     | Identified a +0 shortbow
  8961 | D:10     | Identified a +0 falchion
  8961 | D:10     | Identified a +0 ring mail
  8971 | D:10     | Identified a +0 scimitar
  8971 | D:10     | Identified a +0 plate armour
  8971 | D:10     | Identified a +0 hand axe
  8971 | D:10     | Identified a +0 dagger
  8971 | D:10     | Identified a +0 robe
  8971 | D:10     | Identified a +0 hand axe
  8972 | D:10     | Identified a +0 dagger
  8972 | D:10     | Identified a +0 robe
  8972 | D:10     | Identified a +0 club
  9056 | D:10     | Found Ollonapy's General Store.
  9085 | D:10     | Bought a potion of curing for 48 gold pieces
  9085 | D:10     | Bought a scroll of teleportation for 48 gold pieces
  9085 | D:10     | Bought a scroll of identify for 32 gold pieces
  9085 | D:10     | Bought a potion of curing for 48 gold pieces
  9133 | D:10     | Identified a +0 hand axe
  9133 | D:10     | Identified a +0 hand axe
  9133 | D:10     | Identified a +0 hand axe
  9133 | D:10     | Identified a +4 hand axe
  9150 | D:10     | Found a flagged portal.
  9155 | Bailey   | Entered a bailey
  9180 | Bailey   | Identified a +0 hand axe
  9180 | Bailey   | Identified a +0 leather armour
  9180 | Bailey   | Identified a +0 hand axe
  9180 | Bailey   | Identified a +0 ring mail
  9180 | Bailey   | Identified a +0 war axe
  9180 | Bailey   | Identified a +0 leather armour
  9180 | Bailey   | Identified a +0 hand axe
  9180 | Bailey   | Identified a +0 leather armour
  9213 | Bailey   | Identified a +0 hand axe
  9213 | Bailey   | Identified a +0 ring mail
  9229 | Bailey   | Identified a +0 hand axe
  9229 | Bailey   | Identified a +0 leather armour
  9229 | Bailey   | Identified a +0 war axe
  9229 | Bailey   | Identified a +0 leather armour
  9229 | Bailey   | Identified a +0 hand axe
  9229 | Bailey   | Identified a +0 ring mail
  9229 | Bailey   | Identified a +0 hand axe
  9229 | Bailey   | Identified a +0 leather armour
  9229 | Bailey   | Identified a +0 war axe
  9229 | Bailey   | Identified a +0 leather armour
  9229 | Bailey   | Identified a +0 war axe
  9229 | Bailey   | Identified a +0 leather armour
  9229 | Bailey   | Identified a +0 hand axe
  9229 | Bailey   | Identified a +0 leather armour
  9264 | Bailey   | Identified a +0 war axe
  9264 | Bailey   | Identified a +0 leather armour
  9264 | Bailey   | Identified a +0 hand axe
  9264 | Bailey   | Identified a +0 leather armour
  9264 | Bailey   | Identified a +0 hand axe
  9264 | Bailey   | Identified a +0 leather armour
  9264 | Bailey   | Identified a +0 war axe
  9264 | Bailey   | Identified a +0 scale mail
  9287 | Bailey   | Identified a +0 hand axe
  9287 | Bailey   | Identified a +3 leather armour
  9287 | Bailey   | Identified a +0 broad axe
  9287 | Bailey   | Identified a +0 chain mail
  9287 | Bailey   | Identified a +0 hand axe
  9287 | Bailey   | Identified a +0 leather armour
  9287 | Bailey   | Identified a +0 hand axe
  9287 | Bailey   | Identified a +0 leather armour
  9287 | Bailey   | Identified a +3 hand axe
  9287 | Bailey   | Identified a +0 leather armour
  9290 | Bailey   | Identified a +0 hand axe
  9290 | Bailey   | Identified a +0 ring mail
  9291 | Bailey   | Identified a +0 hand axe
  9291 | Bailey   | Identified a +0 leather armour
  9316 | Bailey   | Identified a +0 hand axe
  9316 | Bailey   | Identified a +0 leather armour
  9316 | Bailey   | Identified a +0 war axe
  9316 | Bailey   | Identified a +0 chain mail
  9351 | Bailey   | Identified a +0 war axe
  9351 | Bailey   | Identified a +0 scale mail
  9351 | Bailey   | Identified a +0 war axe
  9351 | Bailey   | Identified a +0 scale mail
  9401 | Bailey   | Acquired a +4 fustibalus of freezing
  9451 | Bailey   | Identified a +0 broad axe
  9451 | Bailey   | Identified a +3 chain mail
  9490 | Bailey   | Identified a +0 war axe
  9490 | Bailey   | Identified a +0 scale mail
  9490 | Bailey   | Noticed an orc sorcerer
  9501 | Bailey   | Killed an orc sorcerer
  9502 | Bailey   | Reached skill level 10 in Slings
  9502 | Bailey   | Identified 2 potions of haste
  9533 | Bailey   | Identified a +0 hand axe
  9533 | Bailey   | Identified a +0 leather armour
  9568 | Bailey   | Identified a +0 war axe
  9568 | Bailey   | Identified a +0 scale mail
  9568 | Bailey   | Identified a +0 hand axe
  9568 | Bailey   | Identified a +0 leather armour
  9628 | Bailey   | Found an iron altar of Okawaru.
  9628 | Bailey   | Identified a +0 war axe
  9628 | Bailey   | Identified a +0 scale mail
  9628 | Bailey   | Noticed an orc high priest
  9628 | Bailey   | Identified a +0 war axe
  9628 | Bailey   | Identified a +0 ring mail
  9628 | Bailey   | Identified a +0 war axe
  9628 | Bailey   | Identified a +3 leather armour
  9628 | Bailey   | Identified a +0 war axe
  9628 | Bailey   | Identified a +0 plate armour
  9628 | Bailey   | Identified a +0 hand axe
  9628 | Bailey   | Identified a +0 ring mail
  9628 | Bailey   | Identified a +0 hand axe
  9628 | Bailey   | Identified a +0 leather armour
  9638 | Bailey   | Identified a +0 vampiric demon trident
  9646 | Bailey   | Killed an orc high priest
  9697 | Bailey   | Reached skill level 5 in Dodging
  9697 | Bailey   | Reached skill level 4 in Spellcasting
  9697 | Bailey   | Reached skill level 1 in Conjurations
  9697 | Bailey   | Reached skill level 5 in Hexes
  9697 | Bailey   | Reached skill level 5 in Necromancy
  9697 | Bailey   | Reached XP level 12. HP: 84/84 MP: 16/18
  9704 | Bailey   | Identified a +0 robe
  9705 | Bailey   | Identified a +0 plate armour of positive energy
  9706 | Bailey   | Identified a +0 scale mail
  9707 | Bailey   | Identified a +0 plate armour
  9726 | Bailey   | Identified a +0 flail
  9727 | Bailey   | Identified a +2 morningstar of protection
  9728 | Bailey   | Identified a +0 bardiche
  9767 | D:10     | Identified a +0 giant club
  9767 | D:10     | Identified a +0 giant club
  9767 | D:10     | Noticed a two-headed ogre
  9778 | D:10     | Killed a two-headed ogre
 10106 | D:10     | Identified a potion of ambrosia
 10118 | D:10     | Identified 4 potions of flight
 10234 | D:10     | Identified a +0 leather armour (You took it off an orc on
                  | level 10 of the Dungeon)
 10234 | D:10     | Identified a +0 whip (You took it off an orc on level 10 of
                  | the Dungeon)
 10258 | D:10     | Identified a +0 spear
 10258 | D:10     | Identified a +0 flail
 10264 | D:10     | Identified a +0 club
 10264 | D:10     | Identified a +0 leather armour
 10264 | D:10     | Identified a +0 spear
 10265 | D:10     | Identified a +0 spear
 10268 | D:10     | Identified a +0 flail
 10383 | D:10     | Identified a +0 giant club
 10383 | D:10     | Identified a +0 giant club
 10383 | D:10     | Noticed a two-headed ogre
 10404 | D:10     | Killed a two-headed ogre
 10405 | D:10     | Reached skill level 2 in Conjurations
 10500 | D:10     | Learned a level 4 spell: Anguish
 10542 | D:11     | Identified a +0 dagger
 10542 | D:11     | Identified a +0 robe
 10542 | D:11     | Identified a +0 hand axe
 10542 | D:11     | Identified a +0 falchion
 10542 | D:11     | Identified a +0 falchion
 10542 | D:11     | Identified a +0 flail
 10542 | D:11     | Identified a +0 ring mail
 10572 | D:11     | Identified a +0 trident
 10572 | D:11     | Identified a +0 plate armour
 10572 | D:11     | Identified a +0 morningstar
 10572 | D:11     | Identified a +0 plate armour
 10572 | D:11     | Identified a +0 short sword
 10572 | D:11     | Identified a +0 chain mail
 10572 | D:11     | Identified a +0 hand axe
 10572 | D:11     | Identified a +0 hand axe
 10578 | D:11     | Identified a +0 flail
 10581 | D:11     | Reached skill level 5 in Fighting
 10585 | D:11     | Identified a +0 hand axe
 10600 | D:11     | Found a staircase to the Orcish Mines.
 10707 | D:11     | Gained mutation: You are somewhat unskilled. (-1 Apt) [Ru
                  | sacrifice]
 10707 | D:11     | Reduced skill Fighting to level 4
 10707 | D:11     | Reduced skill Slings to level 9
 10707 | D:11     | Reduced skill Dodging to level 4
 10707 | D:11     | Reduced skill Conjurations to level 1
 10707 | D:11     | Reduced skill Necromancy to level 4
 10707 | D:11     | Reduced skill Air Magic to level 2
 10707 | D:11     | Reduced skill Earth Magic to level 2
 10707 | D:11     | Reduced skill Poison Magic to level 1
 10707 | D:11     | Reached *** piety under Ru
 10774 | D:11     | Identified a -2 spear
 10774 | D:11     | Identified a +0 animal skin
 10774 | D:11     | Noticed Grum
 10795 | D:11     | Killed Grum
 10796 | D:11     | Identified a +0 leather armour
 10796 | D:11     | Noticed a five-headed hydra
 10806 | D:11     | Killed a five-headed hydra
 10926 | D:11     | Identified 2 potions of might
 10969 | D:11     | Identified a +0 giant spiked club
 10969 | D:11     | Identified a +0 giant club
 10969 | D:11     | Noticed a two-headed ogre
 10969 | D:11     | Identified a +0 long sword
 10979 | D:11     | Reached skill level 2 in Poison Magic
 10989 | D:11     | Killed a two-headed ogre
 10990 | D:11     | Reached skill level 5 in Dodging
 10990 | D:11     | Reached skill level 3 in Air Magic
 11054 | D:11     | You fall into a shaft and drop 1 floor!
 11076 | D:12     | Found a gate leading to a gauntlet.
 11085 | D:12     | Identified an amulet of the acrobat
 11093 | Gauntlet | Entered a Gauntlet
 11093 | Gauntlet | Found a transporter.
 11100 | Gauntlet | Found a transporter.
 11101 | Gauntlet | Found a transporter.
 11104 | Gauntlet | Identified a +0 dagger
 11104 | Gauntlet | Identified a +0 robe
 11105 | Gauntlet | Found a transporter.
 11111 | Gauntlet | Found a transporter.
 11115 | Gauntlet | Found a transporter.
 11123 | Gauntlet | Found a transporter.
 11127 | Gauntlet | Found a transporter.
 11135 | Gauntlet | Found a transporter.
 11139 | Gauntlet | Found a transporter.
 11145 | Gauntlet | Found a runed translucent gate.
 11147 | Gauntlet | Found a transporter.
 11148 | Gauntlet | Found a runed translucent gate.
 11149 | Gauntlet | Found a runed translucent gate.
 11168 | Gauntlet | Found a transporter.
 11180 | Gauntlet | Found a transporter.
 11193 | Gauntlet | Found a transporter.
 11254 | Gauntlet | Reached skill level 5 in Necromancy
 11373 | Gauntlet | Reached skill level 2 in Conjurations
 11373 | Gauntlet | Reached skill level 3 in Earth Magic
 11655 | Gauntlet | Reached skill level 10 in Slings
 11659 | Gauntlet | Identified a ring of ice
 11677 | Gauntlet | Identified a +0 trident of freezing
 11677 | Gauntlet | Identified the +4 ring mail "Upidenif" {rC- Dex+6}
 11677 | Gauntlet | Identified the +0 buckler of the Cicada {Dex+4}
 11677 | Gauntlet | Noticed a minotaur
 11689 | Gauntlet | Killed a minotaur
 11690 | Gauntlet | Reached skill level 6 in Hexes
 11690 | Gauntlet | Reached XP level 13. HP: 87/90 MP: 7/19
 11716 | Gauntlet | Identified a +2 robe
 11718 | Gauntlet | Identified 6 potions of degeneration
 11779 | Gauntlet | Identified a +0 chain mail
 11831 | D:12     | Identified a +0 scale mail
 11907 | D:12     | Identified a +0 great mace of protection
 11907 | D:12     | Identified a +0 leather armour
 11907 | D:12     | Noticed Rupert
 11930 | D:12     | Reached skill level 5 in Fighting
 11933 | D:12     | Paralysed by Rupert for 5 turns
 12007 | D:11     | Identified a +0 hand axe
 12007 | D:11     | Identified a +0 ring mail
 12058 | D:11     | Identified a potion of berserk rage
 12375 | Lair:1   | Entered Level 1 of the Lair of Beasts
 12456 | Lair:1   | Identified a +2 demon whip of venom
 12456 | Lair:1   | Noticed Amaemon
 12471 | Lair:1   | Killed Amaemon
 12472 | Lair:1   | Reached skill level 1 in Long Blades
 12474 | Lair:1   | Reached skill level 5 in Shields
 12531 | Lair:1   | Identified 5 potions of lignification
 12836 | Lair:1   | Identified 6 potions of attraction
 13043 | Lair:1   | Identified a +0 war axe
 13120 | Lair:1   | Reached skill level 2 in Long Blades
 13446 | Lair:2   | Reached skill level 5 in Armour
 13528 | Lair:2   | Found a frozen archway.
 13578 | IceCv    | Entered an ice cave
 13586 | IceCv    | Gained mutation: You are somewhat inexperienced. (-2 XL)
                  | [Ru sacrifice]
 13586 | IceCv    | Reached XP level 12. HP: 78/78 MP: 19/19
 13586 | IceCv    | Reached XP level 11. HP: 72/72 MP: 18/18
 13586 | IceCv    | Reached **** piety under Ru
 13586 | IceCv    | Reached ***** piety under Ru
 13850 | IceCv    | Reached skill level 5 in Spellcasting
 14536 | IceCv    | Identified a scroll of silence
 14814 | Lair:2   | Reached skill level 6 in Fighting
 14858 | Lair:2   | Reached skill level 6 in Necromancy
 15095 | Lair:2   | Identified a +0 leather armour
 15605 | Lair:2   | Reached skill level 3 in Long Blades
 15938 | Lair:3   | Reached skill level 7 in Evocations
 15961 | Lair:3   | Identified a ring of protection from fire
 16068 | Lair:3   | Identified a +0 chain mail
 16340 | Lair:3   | Found a staircase to the Shoals.
 16345 | Lair:3   | Identified a +0 spear
 16454 | Lair:3   | Found a hole to the Spider Nest.
 16466 | Lair:3   | Reached skill level 7 in Fighting
 16468 | Lair:3   | Reached skill level 11 in Slings
 16722 | Lair:3   | Reached skill level 4 in Long Blades
 17067 | Lair:3   | Reached XP level 12. HP: 92/92 MP: 19/19
 17082 | Lair:3   | Identified a +0 helmet
 17252 | Lair:4   | Identified a +6 double sword of holy wrath
 17252 | Lair:4   | Identified a +2 scale mail of poison resistance
 17252 | Lair:4   | Noticed Urug
 17270 | Lair:4   | Killed Urug
 17333 | Lair:4   | Identified +0 steam dragon scales
 17345 | Lair:4   | Reached skill level 8 in Fighting
 17363 | Lair:4   | Identified a +4 ring of protection
 17610 | Lair:4   | Found a hazy altar of Hepliaklqana.
 17691 | Lair:4   | Identified a +0 great sword
 17889 | Lair:5   | Identified 2 potions of invisibility
 18029 | Lair:5   | Reached skill level 5 in Long Blades
 18090 | Lair:5   | Found a staircase to the Slime Pits.
 18348 | Lair:5   | Identified a +2 cloak
 18406 | Lair:5   | Identified a scroll of amnesia
 18552 | Lair:5   | Identified a +0 scale mail
 18747 | Lair:6   | Entered Level 6 of the Lair of Beasts
 18915 | Lair:6   | Learned a level 1 spell: Animate Skeleton
 19105 | Lair:6   | Reached skill level 12 in Slings
 19111 | Lair:6   | HP: 16/94 [death yak (14)]
 19112 | Lair:6   | Reached skill level 9 in Fighting
 19345 | Lair:6   | Identified 2 scrolls of torment
 19634 | Lair:6   | Identified a +0 dagger
 19634 | Lair:6   | Identified a +0 robe
 19647 | Lair:6   | Identified a +0 dagger
 19647 | Lair:6   | Identified a +0 robe
 19705 | Lair:6   | Identified a +2 dagger of speed
 19705 | Lair:6   | Identified a +0 robe
 19717 | Lair:6   | Reached skill level 6 in Long Blades
 19972 | Lair:6   | Got the Guide on Displaced Flight
 19973 | Lair:6   | Identified a +0 helmet
 20331 | Lair:6   | HP: 19/94 [dire elephant (11)]
 20334 | Lair:6   | Mangled by a dire elephant

Table legend: (Time is in decaauts)
 A = Elapsed time spent in this place.
 B = Non-inter-level travel time spent in this place.
 C = Inter-level travel time spent in this place.
 D = Time resting spent in this place.
 E = Time spent auto-exploring this place.
 F = Levels seen in this place.
 G = Mean time per level.
                   A        B        C        D        E       F      G
               +--------+--------+--------+--------+--------+-----+--------+
         Total |  19849 |  18923 |    926 |   3502 |  10872 |  23 |  863.0 |
       Dungeon |  10674 |  10036 |    638 |    856 |   7027 |  12 |  889.5 |
        Temple |     89 |     53 |     36 |      0 |     30 |   1 |   89.0 |
          Lair |   6486 |   6235 |    251 |   1540 |   3435 |   6 | 1081.0 |
       Ossuary |    191 |    191 |      0 |      0 |    113 |   1 |  191.0 |
        Bailey |    562 |    562 |      0 |     52 |     77 |   1 |  562.0 |
      Ice Cave |   1165 |   1165 |      0 |    785 |     27 |   1 | 1165.0 |
      Gauntlet |    679 |    679 |      0 |    267 |    163 |   1 |  679.0 |
               +--------+--------+--------+--------+--------+-----+--------+

Top non-repeatable levels by time:
  Lair:6: 1427 daAuts
  Lair:3: 1382 daAuts
     D:7: 1226 daAuts
     D:8: 1219 daAuts
   IceCv: 1165 daAuts
     D:2: 1154 daAuts
     D:6: 1119 daAuts
  Lair:2: 1098 daAuts
    D:10: 1075 daAuts
  Lair:1: 1017 daAuts
     D:1: 923 daAuts
  Lair:5: 895 daAuts
    D:11: 836 daAuts
     D:9: 807 daAuts
     D:4: 714 daAuts

Table legend:
 A = Kills in this place as a percentage of kills in entire the game.
 B = Kills by you in this place as a percentage of kills by you in the entire game.
 C = Kills by friends in this place as a percentage of kills by friends in the entire game.
 D = Other kills in this place as a percentage of other kills in the entire game.
 E = Experience gained in this place as a percentage of experience gained in the entire game.
 F = Experience gained in this place divided by the number of levels of this place that you have seen.
                   A       B       C       D       E      F
               +-------+-------+-------+-------+-------+----------------------
         Total | 100.0 | 100.0 | 100.0 | 100.0 | 100.0 | 3372.6
       Dungeon |  53.1 |  53.2 |  50.0 |  50.0 |  26.3 | 1699.8
          Lair |  30.9 |  30.8 |  35.7 |  25.0 |  60.7 | 7852.2
       Ossuary |   3.1 |   3.2 |   0.0 |   0.0 |   0.3 | 249.0
        Bailey |   8.0 |   7.7 |  14.3 |  25.0 |   4.2 | 3260.0
      Ice Cave |   1.8 |   1.8 |   0.0 |   0.0 |   3.1 | 2403.0
      Gauntlet |   3.1 |   3.2 |   0.0 |   0.0 |   5.3 | 4148.0
               +-------+-------+-------+-------+-------+----------------------

Skill      XL: |  1  2  3  4  5  6  7  8  9 10 11 12 13 |
---------------+----------------------------------------+-----
Fighting       | 1 2 3 4 7 9 5 |  9.6
Armour         | 1 2 3 4 5 |  5.0
Evocations     | 3 4 5 6 7 |  7.0
Dodging        | 3 4 5 5 |  5.3
Hexes          | 1 2 3 4 5 6 |  6.0
Air Magic      | 1 2 3 3 |  3.0
Slings         | 1 2 3 6 9 11 12 | 12.4
Necromancy     | 1 2 4 6 5 |  6.0
Spellcasting   | 1 2 3 5 |  5.0
Earth Magic    | 1 2 3 3 |  3.0
Shields        | 1 2 3 4 5 |  5.0
Poison Magic   | 1 2 2 |  2.0
Conjurations   | 1 2 |  2.0
Long Blades    | 4 6 2 |  6.3
Stealth        | |  1.3

Action                   |  1- 3 |  4- 6 |  7- 9 | 10-12 | 13-15 || total
-------------------------+-------+-------+-------+-------+-------++-------
Melee: Dagger            |    62 |       |       |       |       ||    62
       Club              |    16 |       |       |       |       ||    16
       Bite              |     9 |     5 |       |       |       ||    14
       Short sword       |    22 |       |       |       |       ||    22
       Spear             |    44 |       |       |       |       ||    44
       Flail             |       |    36 |       |       |       ||    36
       Punch             |       |     1 |       |       |       ||     1
 Fire: Hunting sling     |       |    34 |   337 |  1624 |   221 ||  2216
Throw: Boomerang         |    13 |    24 |       |       |       ||    37
 Cast: Tukima's Dance    |       |       |       |     6 |       ||     6
       Mephitic Cloud    |       |       |       |    18 |     1 ||    19
       Portal Projectile |       |       |       |     4 |     1 ||     5
       Animate Dead      |       |       |       |     9 |       ||     9
       Animate Skeleton  |       |       |       |     3 |       ||     3
Invok: Sacrifice Purity  |       |       |     1 |       |       ||     1
       Sacrifice Health  |       |       |       |     1 |       ||     1
       Power Leap        |       |       |       |     2 |       ||     2
       Sacrifice Experie |       |       |       |     1 |       ||     1
       Sacrifice Skill   |       |       |       |     1 |       ||     1
       Reject Sacrifices |       |       |       |     1 |       ||     1
 Abil: Evoke Invisibilit |       |       |       |     1 |       ||     1
Evoke: Wand              |     2 |     8 |    16 |    64 |     1 ||    91
       Condenser vane    |       |       |       |     2 |     1 ||     3
       Phantom mirror    |       |       |       |     2 |       ||     2
       Tin of tremorston |       |       |       |     1 |     2 ||     3
  Use: Scroll            |     6 |     1 |     7 |    24 |     6 ||    44
       Potion            |       |       |       |    10 |     4 ||    14
 Stab: Sleeping          |     8 |     1 |       |       |       ||     9
Armor: Leather armour    |    46 |    16 |    74 |    29 |       ||   165
       Acid dragon scale |       |       |       |   138 |    18 ||   156
       Robe              |       |       |       |     4 |       ||     4
       Skin              |       |       |       |     4 |       ||     4
Dodge: Dodged            |    83 |    30 |   151 |   223 |    31 ||   518
Block: Other             |       |       |    50 |    11 |       ||    61
       Reflection        |       |       |     1 |     8 |       ||     9
       Buckler           |       |       |       |   285 |    45 ||   330

Vanquished Creatures
  2 dire elephants (Lair:6)
  A minotaur (Gauntlet)
  8 hydras
  Erica (D:9)
  3 catoblepae
  6 death yaks (Lair:6)
  6 two-headed ogres
  Urug (Lair:4)
  An orc high priest (Bailey)
  Amaemon (Lair:1)
  A spectral anaconda (Lair:6)
  A death drake (shapeshifter) (Gauntlet)
  2 necromancers (Lair:6)
  2 wolf spiders (Lair:3)
  A deep elf pyromancer (D:11)
  A wizard (Gauntlet)
  An orc sorcerer (Bailey)
  A cyclops (D:12)
  A merfolk siren (Lair:3)
  3 elephants (Lair:6)
  An apocalypse crab (Gauntlet)
  2 black mambas (Lair:3)
  2 ice statues (IceCv)
  6 cane toads
  A rime drake (shapeshifter) (Gauntlet)
  7 komodo dragons
  6 ice devils
  A polar bear (Lair:2)
  A wind drake (shapeshifter) (Gauntlet)
  4 hornets (Lair:3)
  2 trolls (D:10)
  12 blink frogs
  12 dream sheep
  A wraith (D:9)
  A dire elephant simulacrum (Lair:6)
  4 wyverns
  25 yaks
  Grum (D:11)
  2 steam dragons
  2 vampire mosquitoes (D:10)
  2 basilisks
  A death yak simulacrum (Lair:6)
  A redback (Lair:3)
  3 acid dragons
  21 water moccasins
  4 sky beasts (D:6)
  18 orc warriors
  4 ice beasts
  18 wolves
  An elephant zombie (Lair:6)
  3 black bears
  An ogre (D:4)
  4 centaurs
  An elephant skeleton (Lair:6)
  2 phantoms (D:6)
  2 kobold brigands
  3 necrophages
  14 bullfrogs
  3 scorpions (D:6)
  A gnoll sergeant (D:8)
  A two-headed ogre simulacrum (IceCv)
  4 wights
  10 killer bees
  2 elephant simulacra
  4 electric eels (Bailey)
  9 howler monkeys
  6 orc priests
  3 hounds
  A jelly (D:6)
  2 gnoll shamans
  3 iguanas
  3 human zombies (Ossuary)
  Jessica (D:3)
  Terence (D:2)
  10 orc wizards
  4 hell rats (Lair:2)
  A hound zombie (Ossuary)
  4 mummies (Ossuary)
  17 gnolls
  8 adders
  4 shadow imps
  11 white imps
  3 ufetubi
  2 adder zombies (Ossuary)
  2 worms
  3 dart slugs
  49 orcs
  7 ball pythons
  4 bats
  9 endoplasms
  5 giant cockroaches
  A gnoll zombie (Ossuary)
  16 goblins
  11 hobgoblins
  3 frilled lizards (D:1)
  A goblin zombie (Ossuary)
  2 hobgoblin zombies (Ossuary)
  20 kobolds
  2 rats
  2 rat zombies (Ossuary)
495 creatures vanquished.

Vanquished Creatures (collateral kills)
  An orange demon (Lair:1)
  A komodo dragon (Lair:3)
  A yak (Lair:3)
  A water moccasin (Lair:3)
  A black bear (Lair:3)
  2 orc wizards
  A gnoll (D:8)
  A shadow imp (D:4)
  4 orcs
  A goblin (Bailey)
14 creatures vanquished.

Vanquished Creatures (others)
  2 orc warriors (Bailey)
  2 orc priests
  A hell rat (Lair:1)
  14 fungi
  50 plants
  15 withered plants (Lair:6)
84 creatures vanquished.

Grand Total: 593 creatures vanquished
